 Dungeon Crawl Stone Soup version 0.16.2 (webtiles) character file.

431 RepoMan the Conjurer (level 6, -11/45 HPs)
             Began as a Ghoul Conjurer on Aug 14, 2015.
             Mangled by an ogre
             ... wielding a +0 giant club
              (13 damage)
             ... on level 5 of the Dungeon.
             The game lasted 00:29:30 (4866 turns).

RepoMan the Conjurer (Ghoul Conjurer)               Turns: 4866, Time: 00:29:30

Health: -11/45     AC: 11    Str: 14    XL:     6   Next: 99%
Magic:  0/12       EV: 10    Int: 10    God:
Gold:   194        SH:  0    Dex:  9    Spells: 3 memorised, 6 levels left

rFire  . . .     SeeInvis .     E - +0 mace
rCold  + . .     Clarity  .     B - +2 ring mail {rN+}
rNeg   + + +     SustAb   .     (no shield)
rPois  ∞         Gourm    .     o - +0 helmet
rElec  .         Spirit   .     (no cloak)
rCorr  .         Warding  .     l - +1 pair of gloves
rMut   .         Stasis   .     (no boots)
MR     .....                    (no amulet)
Stlth  +.........               (no ring)
                                (no ring)

@: very slightly contaminated, rotting, not resistant to hostile enchantments,
very unstealthy
A: rotting body, claws 1, carnivore 3, cold resistance 1, negative energy
resistance 3, poison resistance, slow healing 1, torment resistance, unbreathing
a: no special abilities


You were on level 5 of the Dungeon.
You were not hungry.

You visited 1 branch of the dungeon, and saw 5 of its levels.

You collected 194 gold pieces.

Inventory:

Hand weapons
 A - a +0 blowgun
 E - a +0 mace (weapon)
Missiles
 z - 18 poisoned needles
 G - 8 javelins (quivered)
Armour
 i - a +0 leather armour
 l - a +1 pair of gloves (worn)
 o - a +0 helmet (worn)
 s - a +0 scale mail
 B - a +2 ring mail of positive energy (worn)
Jewellery
 v - a cursed ring of teleportation {unknown}
 y - an uncursed ring of positive energy {unknown}
Magical devices
 r - a wand of slowing (25)
 D - a wand of random effects (7)
Scrolls
 e - 3 scrolls of enchant armour {unknown}
 g - 2 scrolls of remove curse {unknown}
 h - 5 scrolls of identify {unknown}
 j - 2 scrolls of teleportation {unknown}
 k - a scroll of enchant weapon {unknown}
 n - a scroll of magic mapping {unknown}
 p - a scroll of noise {unknown}
 q - a scroll of amnesia {unknown}
 C - a scroll of recharging {unknown}
Potions
 a - 2 potions of degeneration {unknown}
 b - 2 potions of might {unknown}
 f - a potion of agility {unknown}
 m - 4 potions of curing {unknown}
 u - a potion of flight {unknown}
 H - a potion of invisibility {unknown}
Books
 c - a book of Conjurations

   Spells                             Type                      Level
   a - Magic Dart                     Conjuration                  1
   b - Searing Ray                    Conjuration                  2
   c - Dazzling Spray                 Conjuration/Hexes            3
   d - Fulminant Prism                Conjuration/Hexes            4
   e - Iskenderun's Mystic Blast      Conjuration                  4
   f - Iskenderun's Battlesphere      Conjuration/Charms           5
Comestibles
 t - a royal jelly


   Skills:
 * Level 0.8 Maces & Flails
 + Level 3.2 Armour
 - Level 1.7 Dodging
 - Level 2.1 Stealth
 + Level 3.7 Spellcasting
 + Level 4.6 Conjurations


You had 6 spell levels left.
You knew the following spells:

 Your Spells              Type           Power        Failure   Level  Hunger
a - Magic Dart            Conj           ##..         10%         1    #......
d - Dazzling Spray        Conj/Hex       #.......     69%         3    ###....
s - Searing Ray           Conj           ##....       12%         2    ###....


Dungeon Overview and Level Annotations

Branches:
Dungeon (5/15)
 Temple: D:4-7

Altars:


Innate Abilities, Weirdness & Mutations

Your body is rotting away.
You thrive on raw meat.
You have sharp fingernails.
You are carnivorous and can eat meat at any time.
Your flesh is cold resistant.
You are immune to negative energy.
Your system is resistant to poisons.
You heal slowly when monsters are visible.
You are immune to unholy pain and torment.
You can survive without breathing.


Message History

You kill the hound!
The gnoll moves out of view.
The searing ray hits the ogre.
The ogre is moderately wounded.
The searing ray misses the orc priest.
The ogre hits you with a giant club!!
* * * LOW HITPOINT WARNING * * *
Read which item? (? for menu, Esc to quit)
Okay, then.
Read which item? (? for menu, Esc to quit)
Okay, then.
Evoke which item? (* to show all) (? for menu, Esc to quit)
Zapping:
D - a wand of random effects (will waste charges)
Press: ? - help, Shift-Dir - straight line, f/p - orc priest
Aim: an orc priest, wielding a dagger (heavily wounded)
The ogre flickers and vanishes!
Deactivating autopickup; reactivate with Ctrl-A.
Evoking this partially-identified wand wasted a few charges.
The orc priest looks braver.
Something hits you!
You die...

.... ##. ...
.... #g#
....###+#o#
....#.....#
##+#......o####
#....#......).+
#....##....####
#....##...@#
#.....)....#
#...........+
##+#......###
#...........
####.....#.#..
#.............
#....#........
#....#...((..


You could see an orc priest, a gnoll and an orc.

Vanquished Creatures
  A phantom (D:4)
  3 hounds
  2 worker ants (D:4)
  A hound skeleton (D:4)
  5 adders
  3 gnolls (D:2)
  3 worms
  A giant gecko (D:3)
  An orc (D:4)
  10 bats
  A bat zombie (D:5)
  5 giant cockroaches
  6 goblins
  13 hobgoblins
  4 giant newts
  13 jackals
  10 kobolds
  2 quokkas (D:2)
  11 rats
95 creatures vanquished.

Notes
Turn   | Place    | Note
--------------------------------------------------------------
     0 | D:1      | RepoMan, the Ghoul Conjurer, began the quest for the Orb.
     0 | D:1      | Reached XP level 1. HP: 14/14 MP: 2/2
   162 | D:1      | Reached XP level 2. HP: 10/20 MP: 0/3
   246 | D:1      | Learned a level 2 spell: Searing Ray
   549 | D:1      | Reached skill level 1 in Armour
   975 | D:1      | Reached XP level 3. HP: 18/26 MP: 0/6
  1746 | D:2      | Reached XP level 4. HP: 26/33 MP: 2/7
  2244 | D:2      | Reached skill level 4 in Conjurations
  2550 | D:2      | Reached XP level 5. HP: 32/38 MP: 9/9
  3691 | D:3      | Learned a level 3 spell: Dazzling Spray
  3934 | D:4      | Noticed a phantom
  3980 | D:4      | Killed a phantom
  3980 | D:4      | Reached XP level 6. HP: 9/45 MP: 0/12
  4778 | D:5      | Entered Level 5 of the Dungeon
  4861 | D:5      | HP: 2/45 [ogre/giant club (21)]
  4866 | D:5      | Mangled by an ogre

Action                   |  1- 3 |  4- 6 || total
-------------------------+-------+-------++-------
Melee: Unarmed           |    15 |       ||    15
       Spear             |    94 |   104 ||   198
       Long sword        |       |    43 ||    43
       Mace              |       |     9 ||     9
 Cast: Magic Dart        |    53 |    83 ||   136
       Searing Ray       |       |    15 ||    15
Evoke: Wand              |       |     1 ||     1
 Stab: Sleeping          |     2 |       ||     2
       Distracted        |       |     1 ||     1
  Eat: Chunk             |    13 |    16 ||    29
